Map: Prion Terraces

Players

Miszu - Winner!

  • Race: Terran Terran
  • League: Master

DasDuelon

  • Race: Zerg Zerg
  • League: Master

VOD

Have the link to the VOD?

Description

Time

  • Played on: April 5, 2016, 4:55 p.m.
  • Length: 10:31
Show
View Real Time Build Order
Export as new Build Order

Miszu Terran - Winner!

Build Orders: Reaper Expand, Banshee Rush 

Get SALT Encoding   

  12  0:00  SCV  
  13  0:13  SCV  
  14  0:18  Supply Depot  
  14  0:25  SCV  
  15  0:39  SCV  
  15  0:40  Barracks  
  16  0:44  Refinery  
  16  0:51  SCV  
  17  1:03  SCV  
  18  1:15  SCV  
  19  1:28  Orbital Command  
  19  1:29  Reaper  
  20  1:39  Command Center  
  20  1:50  Supply Depot  
  20  1:53  SCV  
  21  2:01  Refinery, Marine  
  21  2:06  SCV  
  23  2:10  Factory  
  23  2:18  SCV  
  24  2:23  Barracks Reactor  
  24  2:30  SCV  
  25  2:42  SCV  
  26  2:52  Orbital Command  
  26  2:54  SCV  
  26  2:57  Starport  
  27  3:06  SCV  
  28  3:14  Hellion x2  
  28  3:15  Barracks Tech Lab  
  28  3:18  SCV x2  
  34  3:25  Supply Depot  
  34  3:30  SCV x2  
  36  3:42  Hellion x2, SCV  
  36  3:43  SCV  
  36  3:45  Cloaking Field, Banshee  
  45  3:54  Supply Depot, SCV  
  45  3:55  SCV  
  47  4:07  SCV x2  
  47  4:08  Command Center  
  51  4:17  Hellion  
  51  4:19  SCV x2  
  51  4:28  Refinery, Banshee  
  51  4:29  Refinery  
  51  4:30  Supply Depot  
  51  4:31  Supply Depot, SCV x2  
  54  4:43  SCV x2  
  54  4:44  Starport  
  54  4:45  Starport  
  56  4:55  SCV x2  
  56  4:56  Supply Depot x2  
  58  5:07  SCV x2  
  58  5:09  Armory  
  60  5:16  Engineering Bay  
  60  5:19  Liberator, SCV x2  
  62  5:22  Starport Tech Lab  
  62  5:23  Starport Tech Lab  
  62  5:29  Liberator x2  
  62  5:31  SCV x2  
  62  5:32  Orbital Command  
  64  5:36  Factory Reactor  
  64  5:42  Liberator  
  67  5:43  SCV x2  
  75  5:51  Supply Depot  
  75  5:55  SCV  
  75  5:56  SCV  
  77  6:02  Orbital Command  
  81  6:08  SCV x2, Liberator  
  82  6:11  Refinery  
  82  6:14  Refinery  
  82  6:18  Missile Turret  
  86  6:19  Missile Turret  
  86  6:20  SCV x2  
  86  6:23  Missile Turret  
  91  6:29  Terran Ship Weapons Level 1, Missile Turret  
  91  6:32  SCV x3  
  90  6:33  Fusion Core  
  90  6:42  Liberator x2  
  90  6:44  SCV x2  
  90  6:45  SCV  
  90  6:46  Missile Turret  
  90  6:56  SCV x2  
  90  6:57  SCV  
  90  7:00  Banshee  
  102  7:08  SCV x2  
  103  7:09  SCV  
  103  7:10  Supply Depot x2  
  105  7:17  Hellion  
  105  7:18  Hellion  
  105  7:19  Supply Depot  
  105  7:20  Supply Depot, SCV x2  
  105  7:21  SCV  
  112  7:25  Hyperflight Rotors  
  112  7:28  Banshee  
  115  7:32  SCV  
  115  7:33  Supply Depot  
  115  7:35  Supply Depot, SCV x2  
  118  7:43  Liberator x3  
  115  7:44  SCV  
  115  7:45  Supply Depot x2  
  115  7:54  SCV x2  
  115  7:56  SCV  
  116  8:00  Supply Depot  
  125  8:06  SCV  
  125  8:08  SCV  
  127  8:13  Banshee  
  129  8:20  SCV x2  
  129  8:22  SCV  
  129  8:23  Supply Depot  
  130  8:27  Liberator x2  
  130  8:34  Supply Depot  
  130  8:36  Command Center, Missile Turret  
  130  8:37  Missile Turret  
  130  8:38  Missile Turret  
  130  8:41  Missile Turret  
  130  8:42  Missile Turret  
  136  8:50  Starport x2  
  136  8:54  Banshee  
  139  8:56  Hellion x2, Banshee  
  139  9:00  SCV x3  
  149  9:05  Command Center  
  149  9:12  SCV  
  149  9:15  Missile Turret  
  150  9:22  SCV  
  150  9:23  SCV  
  153  9:24  SCV  
  153  9:34  SCV  
  153  9:35  SCV  
  153  9:37  Banshee  
  155  9:45  Banshee  
  156  9:50  Refinery  
Show
View Real Time Build Order
Export as new Build Order

DasDuelon Zerg 

Build Orders: Hatch First 

Get SALT Encoding   

  12  0:00  Drone  
  13  0:12  Overlord  
  13  0:17  Drone  
  14  0:31  Drone x2  
  16  0:37  Drone  
  17  0:51  Hatchery  
  17  0:55  Drone  
  17  0:58  Drone  
  18  1:09  Extractor  
  17  1:13  Spawning Pool  
  17  1:16  Drone  
  17  1:19  Drone  
  18  1:28  Drone  
  19  1:41  Overlord  
  19  2:00  Queen  
  21  2:01  Zergling x2  
  21  2:02  Zergling x2  
  21  2:03  Queen  
  21  2:04  Drone  
  26  2:11  Drone  
  27  2:18  Roach Warren  
  26  2:23  Metabolic Boost  
  26  2:44  Drone x3  
  29  2:53  Drone x2  
  29  2:54  Drone  
  29  2:56  Overlord  
  32  3:01  Roach  
  34  3:06  Roach  
  34  3:09  Extractor  
  34  3:10  Extractor, Roach  
  38  3:22  Drone x4  
  38  3:23  Drone x2  
  44  3:31  Lair  
  44  3:33  Extractor x3  
  41  3:34  Overlord  
  41  3:35  Overlord  
  41  3:39  Drone x2  
  43  3:47  Drone  
  44  3:51  Overlord  
  44  3:58  Drone x6  
  50  4:21  Drone x4  
  54  4:32  Drone x2  
  54  4:33  Drone x2  
  54  4:39  Spore Crawler  
  54  4:41  Spire  
  54  4:42  Queen  
  54  4:44  Overseer  
  52  4:50  Zergling x4  
  54  4:54  Hatchery  
  54  4:55  Zergling x8  
  54  4:56  Zergling x4  
  54  4:58  Overlord  
  59  5:06  Drone, Spore Crawler  
  59  5:07  Drone  
  58  5:24  Drone x3  
  58  5:25  Spore Crawler  
  60  5:30  Drone x2  
  66  5:38  Overlord  
  66  5:42  Queen  
  62  5:45  Queen  
  65  5:56  Mutalisk x3  
  67  6:03  Mutalisk x2  
  75  6:04  Overlord  
  75  6:05  Overlord  
  75  6:08  Baneling Nest  
  74  6:15  Drone x3  
  77  6:20  Mutalisk x2  
  77  6:23  Zerg Flyer Weapons Level 1  
  81  6:30  Drone x3  
  84  6:37  Evolution Chamber  
  84  6:38  Evolution Chamber  
  82  6:41  Mutalisk x3  
  86  6:55  Drone x7  
  86  6:57  Roach Warren  
  92  7:04  Overlord x5  
  92  7:13  Zerg Missile Weapons Level 1  
  92  7:18  Hatchery  
  92  7:19  Hatchery  
  90  7:27  Glial Reconstitution  
  91  7:30  Overlord x2, Zerg Ground Armor Level 1  
  91  7:33  Drone x2  
  91  7:34  Drone x8  
  91  7:35  Infestation Pit  
  100  7:46  Roach x3  
  100  7:47  Roach x3  
  112  8:01  Roach  
  112  8:02  Roach x3  
  120  8:10  Roach  
  120  8:11  Roach x4  
  128  8:33  Corruptor x3  
  128  8:34  Corruptor x4  
  129  8:38  Extractor  
  129  8:40  Extractor  
  139  8:41  Extractor  
  139  8:42  Extractor  
  139  8:48  Overlord x3  
  137  8:49  Roach x4  
  137  8:50  Roach x2  
  149  8:55  Hive  
  149  8:57  Drone x3  
  149  8:58  Overlord x3  
  149  8:59  Drone x2  
  149  9:00  Drone  
  155  9:26  Drone x4  
  155  9:28  Extractor, Spore Crawler, Drone x3  
  155  9:29  Drone x3  
  155  9:30  Extractor  
  162  9:34  Corruptor  
  162  9:35  Corruptor x3  
  150  9:46  Spore Crawler  
  150  9:48  Drone x3  
  150  9:51  Hydralisk Den  
  147  9:53  Corruptor  
  147  9:58  Ravager x2  
  142  10:02  Spore Crawler  
  142  10:03  Spore Crawler x3  
Tags
 
Add a new tag
Caveats
  • Supply blocks, unpowered buildings, or Contaminate may cause inaccurate times.
  • Supply counts are checked every 10 seconds.